AoeStats
← Kiritastrich

MegaRandom

506511943Analyzed
1v1 RM · 18d ago on Sep 13, 2026· 34m 36s· 2 players
Game mode
Random Map
Map size
Tiny (2 player)
Population
200
Speed
Normal
Resources
Standard
Victory
Conquest
Starting age
Dark Age
Ending age
Imperial Age
RankedLock teamsTeams togetherTeam positionsShared explorationLock speedFull tech treeHidden civsTurbo modeCheats
Victory
Defeat
🇷🇺 Sicilians · Russia
1804
+17
🇪🇨 Koreans · Ecuador
1820
-17
Kiritastrich
10:39 Feudal Age
11:48 Loom
15:09 Castle Age
13:20 Double-Bit Axe
13:38 Horse Collar
16:22 Bow Saw
22:41 Wheelbarrow
28:13 Imperial Age
25:55 Fletching
26:10 Elite Skirmisher
27:00 Bodkin Arrow
27:06 Padded Archer Armor
29:14 Ballistics
29:28 Bracer
30:54 Chemistry
31:49 Leather Archer Armor
32:43 First Crusade
32:25 Scale Mail Armor
33:04 Forging
34:05 Chain Mail Armor
[ECU] Shamash
6:41 Loom
11:51 Feudal Age
15:41 Castle Age
13:59 Double-Bit Axe
14:21 Horse Collar
16:39 Bow Saw
18:44 Town Watch
20:58 Fervor
24:18 Wheelbarrow
25:13 Heavy Plow
25:35 Fletching
26:39 Bodkin Arrow
26:27 Treadmill Crane
27:22 Sanctity
27:40 Stone Mining
27:41 Gold Mining
31:40 Imperial Age
30:34 Scale Mail Armor
31:10 Forging
31:39 Squires
31:25 Gambesons
31:56 Chain Mail Armor
31:53 Arson
32:25 Bracer
32:10 Elite Fire Lancer
33:23 Capped Ram
34:51 Block Printing
Connection lost

Rejoining the realm…

Still unreachable

The connection could not be restored.

Session expired

The server has moved on; the page needs a fresh start.